 Dungeon Crawl Stone Soup version 0.31-a0-182-gc5ef74bbde (webtiles) character file.

Game seed: 6070402783011710521

34211 qw the Cleaver (level 13, -5/84 HPs)
             Began as a Gargoyle Fighter on June 21, 2023.
             Was a High Priest of Okawaru.
             Slain by Sonja
             ... wielding a +0 short sword of distortion
              (7 damage)
             ... on level 5 of the Lair of Beasts.
             The game lasted 00:08:41 (14968 turns).

qw the Cleaver (Gargoyle Fighter)                  Turns: 14968, Time: 00:08:41

Health: -5/84      AC: 31    Str: 29    XL:     13   Next: 75%
Magic:  16/20      EV: 10    Int:  8    God:    Okawaru [*****.]
Gold:   840        SH: 11    Dex:  8    Spells: 12/12 levels left

rFire   . . .        Y - +2 war axe (elec)
rCold   . . .        c - +0 buckler
rNeg    + . .        w - +0 plate armour
rPois   inf          x - +0 helmet
rElec   +            a - +0 cloak
rCorr   .            (no gloves)
SInv    +            h - +0 pair of boots
Will    +....        g - amulet of reflection Stlth
                     e - ring of see invisible
HPRegen 0.34/turn    u - ring of willpower
MPRegen 0.17/turn

%: reflection, clarity
@: about to teleport, heroic, finesse-ful
A: sickness immunity, AC +9, negative energy resistance 1, electricity
resistance, torment resistance 1, petrification resistance, clarity, sense
surroundings 1, strong 1
a: Renounce Religion, Heroism, Finesse, Duel


You were on level 5 of the Lair of Beasts.
You worshipped Okawaru.
Okawaru was extremely pleased with you.
You visited 3 branches of the dungeon, and saw 15 of its levels.

You collected 840 gold pieces.


Innate Abilities, Weirdness & Mutations

You are immune to sickness and miasma.
Your stone body is resilient. (AC +9)
You are immune to poison.
You resist negative energy. (rN+)
You are resistant to electric shocks. (rElec)
You are resistant to unholy torment.
You are immune to petrification.
You possess an exceptional clarity of mind.
You passively map a small area around you.
Your muscles are strong. (Str +4, Int/Dex -1)


   Skills:
 - Level 11.1(16.1) Fighting
 - Level 14.0(19.0) Axes
 - Level 5.1(10.1) Throwing
 - Level 10.0(15.0) Armour
 - Level 2.1(7.1) Dodging
 + Level 6.7(11.7) Shields
 - Level 10.0 Invocations


You had 12 spell levels left.
You didn't know any spells.
Your spell library was empty.

Inventory:

Hand Weapons
 q - a +3 morningstar
 Y - a +2 war axe of electrocution (weapon)
Missiles
 y - a silver javelin (quivered)
Armour
 a - a +0 cloak (worn)
 b - +0 acid dragon scales
 c - a +0 buckler (worn)
 h - a +0 pair of boots (worn)
 w - a +0 plate armour (worn)
 x - a +0 helmet (worn)
Jewellery
 e - a ring of see invisible (left hand)
 g - an amulet of reflection (around neck)
 u - a ring of willpower (right hand)
Wands
 n - a wand of digging (6)
Scrolls
 p - a scroll of teleportation
 s - 3 scrolls of identify
Potions
 d - 2 potions of might
 f - a potion of magic
 i - 6 potions of haste
 j - a potion of heal wounds
 k - 4 potions of curing
 l - 3 potions of mutation
 m - 3 potions of enlightenment
 o - 2 potions of attraction
 r - 2 potions of lignification
 t - a potion of resistance

Dungeon Overview and Level Annotations

Branches:
Dungeon (9/15)             Temple (1/1) D:5            Lair (5/5) D:9
 Shoals (0/4) Lair:2        Snake (0/4) Lair:2
  Slime: Lair:4-5       Orc: D:9-12

Altars:
Ashenzari
Cheibriados
Dithmenos
Elyvilon
Fedhas
Gozag
Hepliaklqana
Kikubaaqudgha
Makhleb
Nemelex Xobeh
Okawaru
Qazlal
Sif Muna
Trog
Uskayaw
Vehumet
Wu Jian
Xom
Yredelemnul
Zin
The Shining One

Shops:
D:4 (

Annotations:
D:9 1 runed translucent door, qw's ghost, novice GrFi
Lair:5 Sonja


Message History

You hit the lindwurm. Lightning courses through the lindwurm!
You hit the wraith. You barely miss Sonja. You barely miss the wraith.
The wraith is severely damaged.
You hit Sonja. You closely miss the lindwurm.
Sonja mumbles some strange words.
Sonja blinks!
You slash the wraith!
You destroy the wraith!
Okawaru accepts your kill.
You hit the lindwurm but do no damage. Lightning courses through the lindwurm!
You kill the lindwurm!
Okawaru accepts your kill.
You can now enter into single combat with a foe.
Okawaru will now gift you equipment as you gain piety.
Your base Fighting skill increases to level 11!
There is a stone staircase leading up here.
You slice Sonja!!
Sonja is heavily wounded.
You hit Sonja.
Sonja is severely wounded.
You block Sonja's attack. Sonja hits you but does no damage.
Space warps horribly around you! Sonja hits you but does no damage.
Space warps horribly around you!
14964 ||| STAIRDANCE Sonja barely misses you.
You block Sonja's attack. Sonja hits you but does no damage.
You blink.
You can't go up here!
Sonja mumbles some strange words.
Sonja blinks!
Sonja throws a curare-tipped dart.
The curare-tipped dart closely misses you.
You block Sonja's attack. Sonja hits you but does no damage.
Space warps horribly around you!! You block Sonja's attack.
14968 ||| READING 2 scrolls of teleportation.
As you read the scroll of teleportation, it crumbles to dust.
You feel strangely unstable. Sonja hits you but does no damage.
Space warps around you. Sonja hits you but does no damage.
Space warps around you!
You die...

, , ## ## ## ,..
##.##.####. ####..
##...#..#P.####.#P..(
.....)...............
, * ,
.....................
*
.........K...........
.........@.......$...
.............<.......
#.#...##....(......#.
* #.., ###.#%)......#
* ##* ###.....##.#
,......# # .......# *
* .....#..#
.[...#####


You could see Sonja.

Vanquished Creatures
  Josephine (Lair:5)
  4 hydras
  A boulder beetle (Lair:3)
  A two-headed ogre (D:8)
  3 death yaks (Lair:4)
  Nergalle (Lair:1)
  2 skysharks
  A lindwurm (Lair:5)
  An oklob plant (Lair:2)
  A merfolk siren (Lair:2)
  4 black mambas
  8 cane toads
  A torpor snail (Lair:3)
  4 rime drakes
  9 komodo dragons
  A hornet (Lair:3)
  A queen bee (Lair:3)
  Grinder (D:3)
  11 dream sheep
  14 blink frogs
  A vampire (D:8)
  5 wraiths (Lair:5)
  5 wyverns
  19 yaks
  7 basilisks
  3 wargs (D:9)
  Menkaure (D:6)
  3 nagas (Lair:2)
  14 water moccasins
  Duvessa (D:6)
  2 orc warriors
  A sky beast (D:5)
  A black bear (Lair:1)
  2 ogres
  3 wolves
  4 centaurs
  3 kobold brigands
  16 bullfrogs
  A gnoll sergeant (D:8)
  2 scorpions
  9 wights
  Dowan (D:6)
  33 killer bees
  A howler monkey (D:9)
  4 electric eels
  2 hounds
  7 orc priests
  2 jellies
  2 gnoll boudas
  A sleepcap (D:5)
  An iguana (D:5)
  3 orc wizards
  6 hell rats (Lair:3)
  Ijyb (D:3)
  A mummy (D:6)
  15 gnolls
  4 adders
  A white imp (D:5)
  2 ufetubi (D:4)
  A dart slug (D:2)
  34 orcs
  4 bats
  10 endoplasms
  3 giant cockroaches
  14 goblins
  13 hobgoblins
  4 quokkas
  7 ball pythons
  6 frilled lizards
  35 kobolds
  10 rats
401 creatures vanquished.

Vanquished Creatures (others)
  A white imp (D:6)
1 creature vanquished.

Grand Total: 402 creatures vanquished

Notes
Turn   | Place    | Note
-------+----------+-------------------------------------------
     0 | D:1      | qw the Gargoyle Fighter began the quest for the Orb.
     0 | D:1      | Reached XP level 1. HP: 14/14 MP: 1/1
     0 | D:1      | 0 ||| qw: Version: 0.3-a-9-g12657ce
     0 | D:1      | 0 ||| qw: Game counter: 1524
     0 | D:1      | 0 ||| qw: Always use a shield: true
     0 | D:1      | 0 ||| qw: God list: Okawaru
     0 | D:1      | 0 ||| qw: Allow faded altars: false
     0 | D:1      | 0 ||| qw: Do Orc after D:15 true
     0 | D:1      | 0 ||| qw: Do second Lair branch before Depths: true
     0 | D:1      | 0 ||| qw: Lair rune preference: random
     0 | D:1      | 0 ||| qw: Plans: Normal, Zot:1-4, Slime:5, God:TSO, Crypt,
                  | Tomb, Abyss, Pan, Hells, Win
     0 | D:1      | 0 ||| PLANNING D:1-11
    86 | D:1      | Reached skill level 2 in Axes
   174 | D:1      | Reached XP level 2. HP: 18/19 MP: 2/2
   204 | D:1      | 204 ||| Stepping ~*~*~tactically~*~*~ (hiding).
   208 | D:1      | 208 ||| Stepping ~*~*~tactically~*~*~ (hiding).
   444 | D:1      | Reached skill level 3 in Axes
   681 | D:1      | Reached XP level 3. HP: 23/23 MP: 3/3
   788 | D:1      | 788 ||| UPGRADING to amulet of reflection.
   793 | D:1      | 793 ||| UPGRADING to ring of see invisible.
   794 | D:1      | 794 ||| READING scroll labelled MOALEGAORCH.
   795 | D:1      | 795 ||| READING scroll labelled XOINEH CYDA.
   796 | D:1      | 796 ||| DRINKING 2 sedimented pink potions.
   901 | D:1      | 901 ||| DROPPING potion of berserk rage.
  1295 | D:2      | 1295 ||| Stepping ~*~*~tactically~*~*~ (hiding).
  1361 | D:2      | 1361 ||| Stepping ~*~*~tactically~*~*~ (hiding).
  1616 | D:2      | 1616 ||| UPGRADING to +0 cloak.
  1621 | D:2      | 1621 ||| READING scroll labelled SUXZAPODUI.
  1622 | D:2      | 1622 ||| DRINKING 2 yellow potions.
  1667 | D:3      | 1667 ||| STAIRDANCE
  1673 | D:2      | Reached XP level 4. HP: 17/28 MP: 4/4
  1721 | D:2      | 1721 ||| UPGRADING to +0 chain mail.
  1731 | D:2      | 1731 ||| DROPPING +0 scale mail.
  1737 | D:3      | 1737 ||| STAIRDANCE
  1745 | D:2      | Reached skill level 4 in Axes
  1784 | D:2      | 1784 ||| DROPPING +0 whip.
  1862 | D:3      | Found a faded altar of an unknown god.
  1921 | D:3      | 1921 ||| Stepping ~*~*~tactically~*~*~ (hiding).
  2115 | D:3      | Noticed Grinder
  2131 | D:3      | 2131 ||| FLEEEEING.
  2132 | D:3      | 2132 ||| FLEEEEING.
  2133 | D:3      | 2133 ||| FLEEEEING.
  2134 | D:3      | 2134 ||| Stepping ~*~*~tactically~*~*~ (hiding).
  2138 | D:3      | 2138 ||| FLEEEEING.
  2167 | D:3      | Killed Grinder
  2168 | D:3      | Reached skill level 6 in Axes
  2168 | D:3      | Reached XP level 5. HP: 32/32 MP: 5/5
  2168 | D:3      | Reached XP level 6. HP: 37/37 MP: 6/6
  2192 | D:3      | Noticed Ijyb
  2211 | D:3      | Killed Ijyb
  2311 | D:3      | 2311 ||| Stepping ~*~*~tactically~*~*~ (hiding).
  2312 | D:3      | 2312 ||| Stepping ~*~*~tactically~*~*~ (hiding).
  2315 | D:3      | 2315 ||| Stepping ~*~*~tactically~*~*~ (hiding).
  2350 | D:3      | Found a sparkling altar of Nemelex Xobeh.
  2442 | D:3      | 2442 ||| READING scroll labelled ICVEPN SEASARGH.
  2443 | D:3      | 2443 ||| READING scroll labelled ARCHAW FECVOATS.
  2479 | D:4      | Found Xaim's Weapon Emporium.
  2481 | D:4      | 2481 ||| SHOPLISTING +2 heavy flail (183 gold, have 103).
  2754 | D:4      | 2754 ||| Stepping ~*~*~tactically~*~*~ (stealth).
  2755 | D:4      | 2755 ||| Stepping ~*~*~tactically~*~*~ (stealth).
  2912 | D:4      | Reached skill level 1 in Dodging
  2919 | D:4      | Reached XP level 7. HP: 43/43 MP: 7/7
  3189 | D:4      | 3189 ||| Stepping ~*~*~tactically~*~*~ (stealth).
  3190 | D:4      | 3190 ||| Stepping ~*~*~tactically~*~*~ (stealth).
  3661 | D:4      | 3661 ||| UPGRADING to +0 pair of boots.
  3666 | D:4      | 3666 ||| READING scroll labelled SEATYA IGREV.
  3670 | D:4      | 3670 ||| READING scroll labelled GIYGECS BEECI.
  3671 | D:4      | 3671 ||| DRINKING 4 white potions.
  3672 | D:4      | 3672 ||| DRINKING 2 cyan potions.
  3673 | D:4      | 3673 ||| DROPPING 3 potions of degeneration.
  3674 | D:4      | 3674 ||| DROPPING potion of brilliance.
  3676 | D:5      | Entered Level 5 of the Dungeon
  3687 | D:5      | Found a staircase to the Ecumenical Temple.
  3688 | D:5      | 3688 ||| PLANNING TEMPLE
  3703 | D:5      | 3703 ||| READING 2 scrolls of identify.
  3703 | D:5      | 3703 ||| IDENTIFYING metallic pink potion
  3706 | Temple   | Entered the Ecumenical Temple
  3732 | Temple   | 3732 ||| PLANNING OKAWARU WORSHIP
  3790 | Temple   | Became a worshipper of Warmaster Okawaru
  3791 | Temple   | 3791 ||| PLANNING D:1-11
  3905 | D:5      | Reached skill level 7 in Axes
  3946 | D:5      | Found a stormy altar of Qazlal.
  4288 | D:5      | Reached XP level 8. HP: 47/50 MP: 8/8
  4348 | D:5      | Reached * piety under Okawaru
  4410 | D:5      | Found a shimmering altar of Xom.
  4411 | D:5      | Found a hide-covered altar of Uskayaw.
  4674 | D:5      | 4674 ||| DRINKING 2 bubbling orange potions.
  4675 | D:5      | 4675 ||| DRINKING 3 dark potions.
  4675 | D:5      | Gained mutation: You have sharp toenails. [potion of
                  | mutation]
  4675 | D:5      | Gained mutation: You possess an exceptional clarity of
                  | mind. [potion of mutation]
  4675 | D:5      | Gained mutation: You occasionally lose the ability to read
                  | scrolls when taking damage. [potion of mutation]
  4676 | D:5      | 4676 ||| DRINKING 2 potions of mutation.
  4676 | D:5      | Lost mutation: You occasionally lose the ability to read
                  | scrolls when taking damage. [potion of mutation]
  4676 | D:5      | Lost mutation: You have sharp toenails. [potion of
                  | mutation]
  4676 | D:5      | Gained mutation: You passively map a small area around you.
                  | [potion of mutation]
  4676 | D:5      | Gained mutation: Your muscles are strong. (Str +4, Int/Dex
                  | -1) [potion of mutation]
  4732 | D:6      | 4732 ||| PLANNING OSSUARY
  4778 | D:6      | 4778 ||| Stepping ~*~*~tactically~*~*~ (hiding).
  4779 | D:6      | 4779 ||| Stepping ~*~*~tactically~*~*~ (hiding).
  4781 | D:6      | 4781 ||| Stepping ~*~*~tactically~*~*~ (hiding).
  4782 | D:6      | 4782 ||| INVOKING Heroism.
  4955 | D:6      | 4955 ||| Stepping ~*~*~tactically~*~*~ (stealth).
  5113 | D:6      | 5113 ||| DROPPING +0 flail.
  5115 | D:6      | Noticed Menkaure
  5116 | D:6      | 5116 ||| INVOKING Heroism.
  5124 | D:6      | Killed Menkaure
  5125 | D:6      | Reached skill level 8 in Axes
  5127 | D:6      | 5127 ||| INVOKING Heroism.
  5130 | D:6      | Reached skill level 1 in Invocations
  5202 | D:6      | 5202 ||| INVOKING Heroism.
  5290 | D:6      | 5290 ||| Stepping ~*~*~tactically~*~*~ (stealth).
  5291 | D:6      | 5291 ||| Stepping ~*~*~tactically~*~*~ (stealth).
  5292 | D:6      | 5292 ||| Stepping ~*~*~tactically~*~*~ (stealth).
  5305 | D:6      | 5305 ||| INVOKING Heroism.
  5316 | D:6      | Reached skill level 6 in Fighting
  5316 | D:6      | Reached skill level 3 in Invocations
  5324 | D:6      | 5324 ||| INVOKING Heroism.
  5358 | D:6      | 5358 ||| FLEEEEING.
  5359 | D:6      | 5359 ||| FLEEEEING.
  5360 | D:6      | 5360 ||| FLEEEEING.
  5361 | D:6      | 5361 ||| FLEEEEING.
  5362 | D:6      | 5362 ||| FLEEEEING.
  5363 | D:6      | 5363 ||| FLEEEEING.
  5364 | D:6      | 5364 ||| FLEEEEING.
  5365 | D:6      | 5365 ||| FLEEEEING.
  5366 | D:6      | 5366 ||| FLEEEEING.
  5368 | D:6      | 5368 ||| FLEEEEING.
  5369 | D:6      | 5369 ||| FLEEEEING.
  5370 | D:6      | 5370 ||| FLEEEEING.
  5371 | D:6      | 5371 ||| FLEEEEING.
  5372 | D:6      | 5372 ||| FLEEEEING.
  5374 | D:6      | 5374 ||| FLEEEEING.
  5375 | D:6      | 5375 ||| FLEEEEING.
  5376 | D:6      | 5376 ||| FLEEEEING.
  5377 | D:6      | 5377 ||| FLEEEEING.
  5378 | D:6      | 5378 ||| FLEEEEING.
  5379 | D:6      | 5379 ||| FLEEEEING.
  5380 | D:6      | 5380 ||| FLEEEEING.
  5381 | D:6      | 5381 ||| FLEEEEING.
  5382 | D:6      | 5382 ||| FLEEEEING.
  5383 | D:6      | 5383 ||| FLEEEEING.
  5384 | D:6      | 5384 ||| FLEEEEING.
  5385 | D:6      | 5385 ||| FLEEEEING.
  5386 | D:6      | 5386 ||| FLEEEEING.
  5387 | D:6      | 5387 ||| FLEEEEING.
  5388 | D:6      | 5388 ||| FLEEEEING.
  5389 | D:6      | 5389 ||| FLEEEEING.
  5390 | D:6      | 5390 ||| FLEEEEING.
  5391 | D:6      | 5391 ||| FLEEEEING.
  5392 | D:6      | 5392 ||| FLEEEEING.
  5393 | D:6      | 5393 ||| FLEEEEING.
  5394 | D:6      | 5394 ||| FLEEEEING.
  5395 | D:6      | 5395 ||| STAIRDANCE
  5437 | D:6      | 5437 ||| STAIRDANCE
  5547 | D:6      | 5547 ||| RIP OSSUARY
  5547 | D:6      | 5547 ||| RIP SEWER
  5547 | D:6      | 5547 ||| PLANNING D:1-11
  5548 | D:6      | Noticed Dowan
  5550 | D:6      | 5550 ||| INVOKING Heroism.
  5554 | D:6      | Killed Dowan
  5554 | D:6      | Noticed Duvessa
  5555 | D:6      | Reached XP level 9. HP: 55/55 MP: 8/11
  5555 | D:6      | 5555 ||| Stepping ~*~*~tactically~*~*~ (stealth).
  5569 | D:6      | 5569 ||| Stepping ~*~*~tactically~*~*~ (stealth).
  5570 | D:6      | 5570 ||| Stepping ~*~*~tactically~*~*~ (stealth).
  5575 | D:6      | 5575 ||| Stepping ~*~*~tactically~*~*~ (stealth).
  5874 | D:5      | 5874 ||| Stepping randomly (stuck).
  5951 | D:6      | 5951 ||| Stepping ~*~*~tactically~*~*~ (stealth).
  6018 | D:6      | 6018 ||| INVOKING Heroism.
  6114 | D:5      | 6114 ||| READING scroll labelled READGH SINEFU.
  6244 | D:6      | 6244 ||| Stepping ~*~*~tactically~*~*~ (stealth).
  6251 | D:6      | 6251 ||| INVOKING Heroism.
  6259 | D:6      | Killed Duvessa
  6470 | D:6      | 6470 ||| READING 2 scrolls of identify.
  6470 | D:6      | 6470 ||| IDENTIFYING green potion
  6783 | D:7      | Reached skill level 9 in Axes
  7226 | D:7      | 7226 ||| READING scroll labelled PUZ HESHASUMYUSAO.
  7227 | D:7      | 7227 ||| READING scroll labelled XUFISCHU GUCWAA.
  7228 | D:7      | 7228 ||| DRINKING 2 orange potions.
  7229 | D:7      | 7229 ||| READING 2 scrolls of identify.
  7229 | D:7      | 7229 ||| IDENTIFYING fuming orange potion
  7230 | D:7      | 7230 ||| DROPPING potion of invisibility.
  7261 | D:8      | Found a bloodstained altar of Trog.
  7403 | D:8      | Reached ** piety under Okawaru
  7454 | D:8      | 7454 ||| INVOKING Heroism.
  7543 | D:8      | 7543 ||| Stepping ~*~*~tactically~*~*~ (stealth).
  7552 | D:8      | 7552 ||| INVOKING Heroism.
  7626 | D:8      | Found a radiant altar of Vehumet.
  7788 | D:8      | 7788 ||| INVOKING Heroism.
  7792 | D:8      | Noticed a two-headed ogre
  7799 | D:8      | HP: 7/57 [two-headed ogre/+0 giant spiked club (14)]
  7800 | D:8      | 7800 ||| READING 5 scrolls of teleportation.
  7801 | D:8      | 7801 ||| DRINKING potion of heal wounds.
  7806 | D:8      | 7806 ||| READING 4 scrolls of teleportation.
  8025 | D:8      | 8025 ||| Stepping ~*~*~tactically~*~*~ (hiding).
  8107 | D:8      | 8107 ||| Stepping ~*~*~tactically~*~*~ (stealth).
  8109 | D:8      | 8109 ||| INVOKING Heroism.
  8118 | D:8      | Reached XP level 10. HP: 55/63 MP: 11/13
  8216 | D:8      | Found a snail-covered altar of Cheibriados.
  8231 | D:8      | 8231 ||| INVOKING Heroism.
  8242 | D:8      | Killed a two-headed ogre
  8243 | D:8      | Reached skill level 10 in Axes
  8507 | D:8      | 8507 ||| UPGRADING to +0 plate armour.
  8517 | D:8      | 8517 ||| DROPPING +0 chain mail.
  8518 | D:8      | 8518 ||| DROPPING amulet of regeneration.
  8519 | D:8      | 8519 ||| DROPPING +6 ring of intelligence.
  8520 | D:8      | 8520 ||| READING 3 scrolls of identify.
  8520 | D:8      | 8520 ||| IDENTIFYING coppery potion
  8521 | D:8      | 8521 ||| READING 2 scrolls of identify.
  8521 | D:8      | 8521 ||| IDENTIFYING puce potion
  8559 | D:9      | Found a staircase to the Lair.
  8562 | D:9      | 8562 ||| INVOKING Heroism.
  8573 | D:9      | Reached skill level 6 in Armour
  8636 | D:9      | 8636 ||| Stepping ~*~*~tactically~*~*~ (stealth).
  8641 | D:9      | 8641 ||| INVOKING Heroism.
  8731 | D:9      | 8731 ||| SWAPPING to +1 war axe of electrocution.
  8732 | D:9      | 8732 ||| DROPPING +0 war axe.
  8738 | D:9      | 8738 ||| INVOKING Heroism.
  8774 | D:9      | 8774 ||| INVOKING Heroism.
  8795 | D:9      | 8795 ||| INVOKING Heroism.
  8798 | D:9      | HP: 15/64 [gnoll/+0 halberd[a gnoll bouda] (4)]
  8799 | D:9      | 8799 ||| READING 3 scrolls of teleportation.
  8993 | D:9      | Found a broken altar of Ashenzari.
  9213 | D:9      | Found a shadowy altar of Dithmenos.
  9214 | D:9      | Found a runed translucent door.
  9216 | D:9      | Identified the +6 spear "Orb Guardian's Curse" {heavy,
                  | rElec rPois rC- rN+}
  9217 | D:9      | Noticed qw's ghost (novice GrFi)
  9347 | D:9      | 9347 ||| UPGRADING to ring of willpower.
  9348 | D:9      | 9348 ||| PLANNING LAIR
  9384 | Lair:1   | Entered Level 1 of the Lair of Beasts
  9427 | Lair:1   | 9427 ||| INVOKING Heroism.
  9437 | Lair:1   | Reached skill level 11 in Axes
  9588 | Lair:1   | Noticed Nergalle
  9590 | Lair:1   | 9590 ||| INVOKING Heroism.
  9606 | Lair:1   | Killed Nergalle
  9607 | Lair:1   | Reached skill level 9 in Fighting
  9607 | Lair:1   | Reached XP level 11. HP: 38/71 MP: 12/14
  9823 | Lair:1   | 9823 ||| INVOKING Heroism.
  9854 | Lair:1   | 9854 ||| Stepping ~*~*~tactically~*~*~ (stealth).
  9856 | Lair:1   | 9856 ||| Stepping ~*~*~tactically~*~*~ (stealth).
  9897 | Lair:1   | 9897 ||| Stepping ~*~*~tactically~*~*~ (stealth).
  9898 | Lair:1   | 9898 ||| Stepping ~*~*~tactically~*~*~ (stealth).
  9919 | Lair:1   | 9919 ||| INVOKING Heroism.
  9941 | Lair:1   | 9941 ||| Stepping ~*~*~tactically~*~*~ (stealth).
  9944 | Lair:1   | 9944 ||| Stepping ~*~*~tactically~*~*~ (stealth).
  9945 | Lair:1   | 9945 ||| Stepping ~*~*~tactically~*~*~ (stealth).
  9946 | Lair:1   | 9946 ||| Stepping ~*~*~tactically~*~*~ (stealth).
  9995 | Lair:1   | 9995 ||| Stepping ~*~*~tactically~*~*~ (stealth).
  9998 | Lair:1   | Reached *** piety under Okawaru
 10037 | Lair:1   | 10037 ||| INVOKING Heroism.
 10179 | Lair:1   | 10179 ||| INVOKING Heroism.
 10538 | Lair:1   | 10538 ||| UPGRADING to +0 helmet.
 10543 | Lair:1   | 10543 ||| READING scroll labelled MIWOGI UDINIBO.
 10603 | Lair:2   | 10603 ||| INVOKING Heroism.
 10694 | Lair:2   | 10694 ||| INVOKING Heroism.
 10703 | Lair:2   | Reached skill level 12 in Axes
 10715 | Lair:2   | 10715 ||| INVOKING Heroism.
 11038 | Lair:2   | 11038 ||| INVOKING Heroism.
 11179 | Lair:2   | Found a staircase to the Shoals.
 11201 | Lair:2   | 11201 ||| INVOKING Heroism.
 11267 | Lair:2   | Noticed an oklob plant
 11268 | Lair:2   | 11268 ||| INVOKING Heroism.
 11282 | Lair:2   | Killed an oklob plant
 11283 | Lair:2   | Reached skill level 9 in Armour
 11360 | Lair:2   | Reached skill level 6 in Shields
 11408 | Lair:2   | 11408 ||| INVOKING Heroism.
 11513 | Lair:2   | 11513 ||| Stepping ~*~*~tactically~*~*~ (hiding).
 11517 | Lair:2   | Found a staircase to the Snake Pit.
 11798 | Lair:3   | Found a hide-covered altar of Uskayaw.
 11805 | Lair:3   | 11805 ||| Stepping ~*~*~tactically~*~*~ (hiding).
 11806 | Lair:3   | 11806 ||| INVOKING Heroism.
 11822 | Lair:3   | 11822 ||| Stepping ~*~*~tactically~*~*~ (stealth).
 11876 | Lair:3   | 11876 ||| INVOKING Heroism.
 11888 | Lair:3   | Reached XP level 12. HP: 72/77 MP: 13/15
 11889 | Lair:3   | Reached **** piety under Okawaru
 11891 | Lair:3   | 11891 ||| Stepping ~*~*~tactically~*~*~ (stealth).
 11894 | Lair:3   | 11894 ||| Stepping ~*~*~tactically~*~*~ (stealth).
 11895 | Lair:3   | 11895 ||| INVOKING Heroism.
 11944 | Lair:3   | Received a gift from Okawaru
 12049 | Lair:3   | 12049 ||| INVOKING Heroism.
 12141 | Lair:3   | 12141 ||| FLEEEEING.
 12239 | Lair:3   | Noticed a five-headed hydra
 12240 | Lair:3   | 12240 ||| Stepping ~*~*~tactically~*~*~ (stealth).
 12242 | Lair:3   | 12242 ||| INVOKING Heroism.
 12243 | Lair:3   | 12243 ||| SWAPPING to +3 morningstar.
 12251 | Lair:3   | Killed a five-headed hydra
 12252 | Lair:3   | Reached skill level 3 in Throwing
 12252 | Lair:3   | 12252 ||| SWAPPING to +2 war axe of electrocution.
 12358 | Lair:3   | 12358 ||| Stepping ~*~*~tactically~*~*~ (stealth).
 12392 | Lair:3   | 12392 ||| Stepping ~*~*~tactically~*~*~ (stealth).
 12406 | Lair:3   | 12406 ||| Stepping ~*~*~tactically~*~*~ (stealth).
 12471 | Lair:3   | 12471 ||| Stepping ~*~*~tactically~*~*~ (stealth).
 12561 | Lair:3   | 12561 ||| Stepping ~*~*~tactically~*~*~ (stealth).
 12562 | Lair:3   | 12562 ||| Stepping ~*~*~tactically~*~*~ (stealth).
 12592 | Lair:3   | 12592 ||| Stepping ~*~*~tactically~*~*~ (hiding).
 12631 | Lair:3   | 12631 ||| Stepping ~*~*~tactically~*~*~ (stealth).
 12659 | Lair:3   | 12659 ||| INVOKING Heroism.
 12684 | Lair:3   | Reached skill level 13 in Axes
 12691 | Lair:3   | 12691 ||| INVOKING Heroism.
 12725 | Lair:3   | 12725 ||| INVOKING Heroism.
 12755 | Lair:3   | 12755 ||| INVOKING Heroism.
 12821 | Lair:3   | Noticed a skyshark
 12822 | Lair:3   | 12822 ||| Stepping ~*~*~tactically~*~*~ (stealth).
 12852 | Lair:3   | Reached skill level 6 in Invocations
 12867 | Lair:3   | 12867 ||| Stepping ~*~*~tactically~*~*~ (stealth).
 12877 | Lair:3   | 12877 ||| Stepping ~*~*~tactically~*~*~ (stealth).
 12879 | Lair:3   | 12879 ||| Stepping ~*~*~tactically~*~*~ (stealth).
 12881 | Lair:3   | 12881 ||| INVOKING Heroism.
 12896 | Lair:3   | 12896 ||| INVOKING Heroism.
 13104 | Lair:3   | Noticed a seven-headed hydra
 13105 | Lair:3   | 13105 ||| INVOKING Heroism.
 13108 | Lair:3   | 13108 ||| SWAPPING to +3 morningstar.
 13113 | Lair:3   | Killed a seven-headed hydra
 13114 | Lair:3   | 13114 ||| SWAPPING to +2 war axe of electrocution.
 13131 | Lair:3   | 13131 ||| Stepping ~*~*~tactically~*~*~ (stealth).
 13179 | Lair:3   | Noticed a boulder beetle
 13182 | Lair:3   | 13182 ||| INVOKING Heroism.
 13195 | Lair:3   | Killed a boulder beetle
 13199 | Lair:3   | Killed a skyshark
 13287 | Lair:3   | 13287 ||| Stepping ~*~*~tactically~*~*~ (stealth).
 13295 | Lair:3   | Received a gift from Okawaru
 13383 | Lair:3   | Reached XP level 13. HP: 79/82 MP: 18/18
 13395 | Lair:3   | Identified the +3 leather armour of the Heavens {Int+3}
 13593 | Lair:3   | Identified the staff "Gynlyuce" {rF+ Str+3 Conj Tmut}
 13768 | Lair:3   | 13768 ||| DROPPING amulet of magic regeneration.
 13769 | Lair:3   | 13769 ||| READING scroll labelled PIURCH RIOK.
 13770 | Lair:3   | 13770 ||| READING 2 scrolls labelled VIPELLI XOTHROI.
 13771 | Lair:3   | 13771 ||| DRINKING 3 purple potions.
 13772 | Lair:3   | 13772 ||| DRINKING 4 potions of curing.
 13772 | Lair:3   | 13772 ||| (to cure confusion)
 13773 | Lair:3   | 13773 ||| READING 2 scrolls of identify.
 13773 | Lair:3   | 13773 ||| IDENTIFYING murky yellow potion
 13774 | Lair:3   | 13774 ||| DROPPING scroll of revelation.
 13775 | Lair:3   | 13775 ||| DROPPING 2 potions of ambrosia.
 13819 | Lair:4   | 13819 ||| INVOKING Heroism.
 13855 | Lair:4   | 13855 ||| INVOKING Heroism.
 13879 | Lair:4   | 13879 ||| INVOKING Heroism.
 13924 | Lair:4   | Reached skill level 9 in Invocations
 13933 | Lair:4   | Reached ***** piety under Okawaru
 13933 | Lair:4   | Received a gift from Okawaru
 14110 | Lair:4   | 14110 ||| INVOKING Heroism.
 14247 | Lair:4   | 14247 ||| Stepping ~*~*~tactically~*~*~ (hiding).
 14294 | Lair:4   | 14294 ||| Stepping ~*~*~tactically~*~*~ (stealth).
 14303 | Lair:4   | 14303 ||| INVOKING Heroism.
 14304 | Lair:4   | 14304 ||| INVOKING Finesse.
 14308 | Lair:4   | 14308 ||| SWAPPING to +3 morningstar.
 14313 | Lair:4   | Reached skill level 14 in Axes
 14313 | Lair:4   | 14313 ||| SWAPPING to +2 war axe of electrocution.
 14470 | Lair:4   | 14470 ||| INVOKING Heroism.
 14707 | Lair:4   | 14707 ||| INVOKING Heroism.
 14708 | Lair:4   | 14708 ||| INVOKING Finesse.
 14711 | Lair:4   | 14711 ||| SWAPPING to +3 morningstar.
 14717 | Lair:4   | 14717 ||| SWAPPING to +2 war axe of electrocution.
 14930 | Lair:5   | Entered Level 5 of the Lair of Beasts
 14930 | Lair:5   | Noticed Sonja
 14930 | Lair:5   | Noticed Josephine
 14931 | Lair:5   | 14931 ||| INVOKING Finesse.
 14938 | Lair:5   | 14938 ||| INVOKING Heroism.
 14950 | Lair:5   | Killed Josephine
 14954 | Lair:5   | Received a gift from Okawaru
 14964 | Lair:5   | 14964 ||| STAIRDANCE
 14967 | Lair:5   | HP: 7/84 [Sonja/+0 short sword of distortion (23)]
 14968 | Lair:5   | 14968 ||| READING 2 scrolls of teleportation.
 14968 | Lair:5   | HP: 2/84 [Sonja/+0 short sword of distortion (6)]
 14968 | Lair:5   | Slain by Sonja

Levels and vault maps discovered:
D:1:      roderic_crop_circles_arrival_small, layout_basic
D:2:      layout_loops_ring
D:3:      wander_river, layout_rooms, marbit_many_paths,
          hellmonk_ecumenical_altar_crossroads, minmay_misc_feat_rows,
          uniq_ijyb, uniq_grinder
D:4:      corexii_shantytown, layout_loops_corners, serial_shops, shop
D:5:      layout_basic, nicolae_overflow_hidden_temple,
          nicolae_qazlal_general_emergency, minmay_temple_entry_sparse_star
D:6:      layout_basic, portal_sewer_entry_b, gup_ossuary_entry_pyramid,
          chequers_serial_rivers_small_b, serial_bayou_lake_a, uniq_duvessa,
          uniq_menkaure
D:7:      layout_cave_pods
D:8:      layout_loops_ring, mainiacjoe_overflow_cross_hatched,
          mainiacjoe_overflow_24_doors, cheibriados_altar_1,
          chequers_serial_rivers_small_3
D:9:      layout_cave_pools, kennysheep_little_box,
          nicolae_ashenzari_panopticon, erik_lair_orcish_takeover,
          ebering_ghost_funeral_grove
Temple:   nicolae_temple_hex_pool
Lair:1:   layout_cave_pods, beast_lair_carwin_8, uniq_nergalle
Lair:2:   layout_cave_pods, elwin_shoals_entry_rooms,
          nicolae_snake_entry_squirm, serial_bayou_shore_b
Lair:3:   regret_index_bee_streams, layout_cave_pods, basic_altar,
          small_statue_intersection, lemuel_fruit_tree
Lair:4:   layout_hall_layers, lemuel_fruit_fields, serial_bayou_shore_a,
          serial_bayou_shore_b
Lair:5:   minmay_lair_end_frog_pond, layout_hall_layers,
          minmay_slime_entry_oklob_open, uniq_sonja, uniq_josephine

Skill      XL: |  1  2  3  4  5  6  7  8  9 10 11 12 13 |
---------------+----------------------------------------+-----
Axes           | 2 3 6 7 8 9 11 12 13 14 | 14.0
Fighting       | 4 5 6 7 9 10 11 | 11.1
Dodging        | 1 2 |  2.1
Throwing       | 2 4 5 |  5.1
Invocations    | 3 4 7 10 | 10.0
Armour         | 4 5 7 9 10 | 10.0
Shields        | 4 5 6 |  6.7

Action                     |  1- 3 |  4- 6 |  7- 9 | 10-12 | 13-15 || total
---------------------------+-------+-------+-------+-------+-------++-------
  Melee: War axe           |   118 |   137 |   448 |   491 |   178 ||  1372
         Morningstar       |       |       |       |    12 |     7 ||    19
  Throw: Boomerang         |       |       |    45 |       |       ||    45
         Javelin           |       |       |       |    23 |    17 ||    40
 Invoke: Heroism           |       |       |    13 |    32 |     8 ||    53
         Finesse           |       |       |       |       |     3 ||     3
    Use: Scroll            |     3 |     2 |    10 |     4 |     4 ||    23
         Potion            |     2 |       |     7 |       |     2 ||    11
 Armour: Scale mail        |    54 |     1 |       |       |       ||    55
         Chain mail        |       |    73 |   189 |     1 |       ||   263
         Plate armour      |       |       |       |   229 |    71 ||   300
  Dodge: Dodged            |    49 |    39 |   164 |   127 |    32 ||   411
  Block: Buckler           |    27 |    59 |   198 |   220 |    65 ||   569
         Reflection        |       |     2 |     5 |     2 |       ||     9

Table legend:
 A = Non-vault XP
 B = Vault XP
 C = Vault XP percentage of total XP
 D = Non-vault monster count
 E = Vault monster count
 F = Vault count percentage of total count
                 A         B        C        D         E       F
            +---------+---------+-------+---------+---------+-------
      Total |   36490 |   12383 |  25.3 |     280 |     121 |  30.2
            +---------+---------+-------+---------+---------+-------
        D:1 |      37 |       0 |   0.0 |      23 |       0 |   0.0
        D:2 |     100 |       0 |   0.0 |      18 |       0 |   0.0
        D:3 |     107 |     311 |  74.4 |      23 |       3 |  11.5
        D:4 |     172 |     101 |  37.0 |      16 |      31 |  66.0
        D:5 |     553 |       0 |   0.0 |      14 |       0 |   0.0
        D:6 |     995 |     402 |  28.8 |      14 |      10 |  41.7
        D:7 |     781 |       0 |   0.0 |      31 |       0 |   0.0
        D:8 |    1952 |       0 |   0.0 |      23 |       0 |   0.0
        D:9 |    2312 |     632 |  21.5 |      22 |       8 |  26.7
     Lair:1 |    2136 |    1946 |  47.7 |       8 |      10 |  55.6
     Lair:2 |    3496 |     960 |  21.5 |      12 |       4 |  25.0
     Lair:3 |    9363 |    6069 |  39.3 |      33 |      49 |  59.8
     Lair:4 |   13472 |       0 |   0.0 |      41 |       0 |   0.0
     Lair:5 |    1014 |    1962 |  65.9 |       2 |       6 |  75.0
            +---------+---------+-------+---------+---------+-------
